[Event "Titled Tuesday Blitz September 27 Early 2022"]
[White "Fiorito, Joaquin"]
[Black "Cruz, Jonathan"]
[WhiteFideId "180173"]
[BlackFideId "3802124"]
[WhiteElo "1758"]
[BlackElo "2406"]
[Result "0-1"]
[Round "05"]
[TimeControl "180+1"]
[Date "2022.09.27"]
[WhiteClock "0:00:09"]
[BlackClock "0:00:37"]

1. e4 e5 2. Nf3 Nc6 3. Bb5 a6 4. Ba4 Nf6 5. O-O Be7 6. d3 b5 7. Bb3 d6 8. a3 O-O 9. Nc3 Be6 10. Nd5 Qd7 11. h3 Bd8 12. Be3 Na5 13. Ba2 c6 14. Nxf6+ Bxf6 15. Bb1 c5 16. Qd2 Qc7 17. b4 cxb4 18. axb4 Nc6 19. c3 d5 20. Bc5 Rfd8 21. Ng5 Bxg5 22. Qxg5 f6 23. Qg3 d4 24. cxd4 Nxd4 25. Kh2 Nb3 26. Ba2 Nxc5 27. bxc5 Bxa2 28. Rxa2 Qxc5 29. Rfa1 Rd6 30. Qg4 b4 31. Qe2 b3 32. Ra5 Qc3 33. d4 b2 34. dxe5 bxa1=Q 35. Rxa1 Qxe5+ 0-1


[Site "https://www.chess.com"]

[Event "Titled Tuesday Blitz September 27 Early 2022"]
[White "Foerster-Yialamas, Lucas"]
[Black "Balabayeva, Xeniya"]
[WhiteFideId "30901774"]
[BlackFideId "13719688"]
[WhiteElo "1804"]
[BlackElo "1895"]
[Result "1-0"]
[Round "05"]
[TimeControl "180+1"]
[Date "2022.09.27"]
[WhiteClock "0:00:05"]
[BlackClock "0:00:01"]

1. b3 d5 2. Bb2 c5 3. Nf3 Nc6 4. h4 d4 5. e3 e5 6. Bb5 Qc7 7. exd4 exd4 8. Qe2+ Be7 9. Qe5 Qxe5+ 10. Nxe5 Bd7 11. Nxc6 Bxc6 12. Bxc6+ bxc6 13. Na3 Nf6 14. Nc4 Nd5 15. O-O-O f6 16. g3 Kd7 17. c3 d3 18. Ne3 Rhd8 19. Rhe1 g6 20. h5 Ke8 21. hxg6 hxg6 22. Ng4 Kf7 23. c4 Nb4 24. Rxe7+ Kxe7 25. Bxf6+ Ke6 26. Bxd8 Rxd8 27. Re1+ Kd6 28. Kb2 Rf8 29. Re5 Rxf2 30. Nxf2 Kxe5 31. a3 Na6 32. Nxd3+ Ke4 33. Nf4 g5 34. Ne6 g4 35. Ng5+ Kf5 36. Nf7 Ke4 37. Nd6+ Kf3 38. Nf5 Nc7 39. Kc3 Ne6 40. b4 Nd4 41. Nxd4+ cxd4+ 42. Kd3 Kxg3 43. c5 Kf3 44. b5 g3 45. bxc6 g2 46. c7 g1=Q 47. c8=Q Qg6+ 48. Kxd4 Qe4+ 49. Kc3 Qe5+ 50. d4 Qe3+ 51. Kc4 Qe2+ 52. Kd5 Qe4+ 53. Kc4 Qe2+ 54. Kd5 Qe4+ 55. Kd6 Qxd4+ 56. Kc6 Qa4+ 57. Kb7 Qb5+ 58. Ka8 Ke3 59. c6 Kd4 60. Qb7 Qc5 61. c7 1-0


[Site "https://www.chess.com"]

[Event "Titled Tuesday Blitz September 27 Early 2022"]
[White "Forgacs, Attila Jr."]
[Black "Ilkhomi, Jaloliddin"]
[WhiteFideId "773654"]
[BlackFideId "14700948"]
[WhiteElo "2062"]
[BlackElo "1440"]
[Result "1/2-1/2"]
[Round "05"]
[TimeControl "180+1"]
[Date "2022.09.27"]
[WhiteClock "0:00:06"]
[BlackClock "0:00:28"]

1. e4 e6 2. d4 d5 3. Nc3 Bb4 4. e5 c5 5. a3 Bxc3+ 6. bxc3 Qa5 7. Bd2 Qa4 8. Qg4 Kf8 9. Nf3 Ne7 10. Be2 Nbc6 11. O-O Nf5 12. Be3 Qxc2 13. Bb5 Qe4 14. Qxe4 dxe4 15. Ng5 cxd4 16. cxd4 Ke7 17. Nxe4 Rd8 18. Bxc6 bxc6 19. Rfd1 Rb8 20. g4 Nxe3 21. fxe3 Rb3 22. Kf2 f6 23. exf6+ gxf6 24. Rdc1 f5 25. gxf5 exf5 26. Nc5 Rb2+ 27. Kf3 Rxh2 28. Rg1 Rh3+ 29. Kf2 Rf8 30. Rg7+ Rf7 31. Rag1 Rh2+ 32. Kf3 Ra2 33. Rg8 Be6 34. Nxe6 Kxe6 35. Rc8 Kd6 36. Rc1 Rc7 37. Rd8+ Ke7 38. Rh8 Ke6 39. Rh1 Rxa3 40. Rh6+ Kd5 41. Rd8+ Kc4 42. Rf6 Re7 43. Rxc6+ Kd3 44. Rf6 Ra1 45. Rxf5 Rxe3+ 46. Kf4 Rf1+ 47. Kg5 h6+ 48. Kf6 Rxf5+ 49. Kxf5 Rf3+ 50. Kg4 Rf7 51. d5 Ke4 52. d6 Kd5 53. d7 Kd6 54. Rh8 Rxd7 55. Rxh6+ Kc5 56. Kf3 Re7 57. Rh5+ Kb4 58. Rh4+ Kb3 59. Rh5 Kb4 60. Rh4+ Kb5 61. Rh5+ Kb6 62. Rh6+ Kb7 63. Rh4 a5 64. Re4 Rd7 65. Ke3 Kc6 66. Rd4 Rh7 67. Kd3 Kb5 68. Rd5+ Kb4 69. Rd4+ Kb3 70. Rd8 Rc7 71. Rb8+ Ka3 72. Kd2 a4 73. Rb5 Ka2 74. Rb4 a3 75. Rb6 Rc5 76. Rb8 Rc4 77. Rb7 Ka1 78. Rb8 Rh4 79. Kc2 Rh2+ 80. Kc1 Ka2 81. Rb7 Rb2 82. Ra7 Rb1+ 83. Kc2 Rb5 84. Rc7 Rh5 85. Rb7 Rh2+ 86. Kc1 Rb2 87. Rc7 Rb1+ 88. Kc2 Ka1 89. Rc6 Rh1 90. Rb6 Rh2+ 91. Kc1 Rb2 92. Rc6 Ka2 93. Rc5 Rb8 94. Rc4 Rh8 95. Rc7 Rh1+ 96. Kc2 Rh2+ 97. Kc1 Kb3 98. Rb7+ Kc3 99. Rc7+ Kb3 100. Rb7+ Ka2 101. Rc7 Rb2 102. Rc6 Rb1+ 103. Kc2 Rb5 104. Rc7 Ka1 105. Kc1 a2 106. Kc2 Rh5 107. Rb7 Rh2+ 108. Kc1 Rh1+ 109. Kc2 Rb1 110. Rc7 Rb6 111. Rc8 Rb4 112. Rc7 Rb2+ 113. Kc1 Rh2 114. Rb7 Rh1+ 115. Kc2 Rh8 116. Rb6 Rh2+ 117. Kc1 Rh6 118. Rxh6 1/2-1/2


[Site "https://www.chess.com"]

[Event "Titled Tuesday Blitz September 27 Early 2022"]
[White "Gabdrakhmanov, Azat"]
[Black "Avazkhonov, Alikhon"]
[WhiteFideId "34189197"]
[BlackFideId "14208504"]
[WhiteElo "2233"]
[BlackElo "1739"]
[Result "0-1"]
[Round "05"]
[TimeControl "180+1"]
[Date "2022.09.27"]
[WhiteClock "0:00:15"]
[BlackClock "0:00:05"]

1. e4 c5 2. Nf3 d6 3. d4 cxd4 4. Nxd4 Nf6 5. Nc3 a6 6. Be3 e5 7. Nb3 Be6 8. Qd2 Nbd7 9. O-O-O b5 10. f4 Rc8 11. f5 Bc4 12. g4 b4 13. Nd5 a5 14. Kb1 Nxe4 15. Qg2 Nef6 16. Bxc4 Rxc4 17. g5 Nxd5 18. Qxd5 Rc8 19. g6 hxg6 20. fxg6 fxg6 21. Rhf1 Nf6 22. Qb5+ Qd7 23. Qxa5 Rh3 24. Bg5 Qc6 25. Bxf6 gxf6 26. Rd2 f5 27. Qxb4 d5 28. Qa5 Bh6 29. Rg2 Bf4 30. Qa7 Rc7 31. Qb8+ Rc8 32. Qa7 Rc7 33. Qg1 Kf7 34. Re2 d4 35. Ka1 d3 36. cxd3 Rxd3 37. Ree1 Qd5 38. Rd1 Rc2 39. Rb1 Rxb3 40. Qa7+ Rb7 41. Qa8 e4 42. Qh8 Be5 43. Qh7+ Bg7 44. Rfd1 Rcxb2 45. Qxg7+ Kxg7 46. Rxd5 Rxb1# 0-1


[Site "https://www.chess.com"]

[Event "Titled Tuesday Blitz September 27 Early 2022"]
[White "Gabrielian, Artur"]
[Black "Vokhidov, Shamsiddin"]
[WhiteFideId "4131002"]
[BlackFideId "14204223"]
[WhiteElo "2467"]
[BlackElo "2619"]
[Result "0-1"]
[Round "05"]
[TimeControl "180+1"]
[Date "2022.09.27"]
[WhiteClock "0:00:01"]
[BlackClock "0:00:17"]

1. e4 c5 2. Nf3 d6 3. d4 cxd4 4. Nxd4 Nf6 5. Nc3 a6 6. Bd3 g6 7. O-O Bg7 8. Kh1 O-O 9. f4 Nc6 10. Nf3 b5 11. a3 Bb7 12. Qe1 e6 13. Qh4 Nd7 14. Qh3 b4 15. axb4 Nxb4 16. f5 Nxd3 17. cxd3 exf5 18. exf5 Bxf3 19. Rxf3 Re8 20. Bh6 Ne5 21. Rff1 Bxh6 22. Qxh6 Ng4 23. Qf4 Ne3 24. f6 Nxf1 25. Rxf1 Re6 26. Nd5 Rc8 27. d4 Rc2 28. h3 Qe8 29. Qh4 Rxb2 30. Nc7 Qc6 31. d5 Qc2 32. Qg4 h5 33. Qg3 Re3 34. Rf3 Rxf3 35. Qxf3 Qxc7 36. Qf4 Qd8 37. Kh2 Rb5 38. Qd4 Qe8 0-1


[Site "https://www.chess.com"]

[Event "Titled Tuesday Blitz September 27 Early 2022"]
[White "Gajwa Ankit"]
[Black "Maltsevskaya, Aleksandra"]
[WhiteFideId "5077834"]
[BlackFideId "24174041"]
[WhiteElo "2036"]
[BlackElo "2243"]
[Result "0-1"]
[Round "05"]
[TimeControl "180+1"]
[Date "2022.09.27"]
[WhiteClock "0:00:22"]
[BlackClock "0:00:50"]

1. e4 c5 2. Nf3 e6 3. d4 cxd4 4. Nxd4 Nf6 5. Nc3 Nc6 6. Ndb5 Bc5 7. Be3 Bxe3 8. fxe3 O-O 9. Qd2 a6 10. Nd6 b5 11. O-O-O b4 12. Ne2 a5 13. g4 a4 14. g5 Ne8 15. Nxc8 Qxc8 16. Qxd7 b3 17. Qxc8 Rxc8 18. axb3 axb3 19. cxb3 Nd4+ 20. Nc3 Nxb3+ 21. Kc2 Nc5 22. Rd4 e5 23. Rc4 Nd6 24. Rb4 Ncxe4 25. Ba6 Rc6 26. Rxe4 Rxa6 27. Rxe5 Rb8 28. b3 Rc6 29. Rc1 Kf8 30. Rd5 Ne4 31. Kb2 Nc5 32. Na4 Nxa4+ 0-1


[Site "https://www.chess.com"]

[Event "Titled Tuesday Blitz September 27 Early 2022"]
[White "Gan-Od, Sereenen"]
[Black "Concio, Michael Jr."]
[WhiteFideId "4901304"]
[BlackFideId "5217873"]
[WhiteElo "2316"]
[BlackElo "1896"]
[Result "1-0"]
[Round "05"]
[TimeControl "180+1"]
[Date "2022.09.27"]
[WhiteClock "0:01:00"]
[BlackClock "0:00:01"]

1. c4 Nf6 2. Nc3 e5 3. e4 Bc5 4. d3 h6 5. Be2 Nc6 6. Nf3 a6 7. O-O d6 8. Be3 Bg4 9. Qd2 Qd7 10. Nd5 Bxf3 11. Nxf6+ gxf6 12. Bxf3 Nd4 13. Bxd4 Bxd4 14. Rab1 Ke7 15. g3 Rag8 16. Kg2 Rg6 17. Bh5 Rg5 18. Qe2 Rhg8 19. f4 exf4 20. Rxf4 Be5 21. Rf2 Bxg3 22. hxg3 Rxg3+ 23. Kh1 Qh3+ 24. Rh2 R8g5 25. d4 Re3 26. c5 Qg3 27. cxd6+ cxd6 28. Qf1 Rxe4 29. Bf3 Re3 30. Bxb7 Kf8 31. Bg2 Kg7 32. Rh3 1-0


[Site "https://www.chess.com"]

[Event "Titled Tuesday Blitz September 27 Early 2022"]
[White "Gevorgyan, David Sh."]
[Black "Heinemann, Josefine"]
[WhiteFideId "13303244"]
[BlackFideId "12900460"]
[WhiteElo "2235"]
[BlackElo "2300"]
[Result "0-1"]
[Round "05"]
[TimeControl "180+1"]
[Date "2022.09.27"]
[WhiteClock "0:00:05"]
[BlackClock "0:00:18"]

1. d4 Nf6 2. c4 e6 3. Nc3 d5 4. Nf3 c6 5. e3 Nbd7 6. Qc2 Be7 7. b3 O-O 8. Bb2 b6 9. Bd3 Bb7 10. O-O h6 11. Rfe1 c5 12. Rad1 Rc8 13. e4 cxd4 14. Nxd4 dxc4 15. Bxc4 Qc7 16. Ncb5 Qf4 17. Nxa7 Ra8 18. Nac6 Bc5 19. b4 Bxd4 20. Nxd4 Bxe4 21. Qd2 Qxd2 22. Rxd2 Bd5 23. Bxd5 Nxd5 24. a3 Rfc8 25. g3 N7f6 26. Kg2 Ne8 27. Rc1 Nd6 28. Rdc2 Rxc2 29. Rxc2 Kf8 30. Kf3 Ke8 31. h4 h5 32. Nc6 f6 33. Nd4 Kd7 34. Re2 e5 35. Nc2 Nc4 36. Bc1 Nc3 37. Re1 Nb5 38. Rd1+ Ke6 39. Rd3 Rc8 40. Kg2 Ncd6 41. Rd2 Ne4 42. Re2 Nec3 43. Rd2 Nb1 44. Re2 N5c3 45. Re1 Nb5 46. a4 Rxc2 47. axb5 Nc3 48. Be3 Nd5 49. Kf3 Rb2 50. Rc1 Rxb4 51. Rc6+ Kf5 52. Bxb6 Rxb5 53. Be3 Rb3 54. Rc8 e4+ 55. Ke2 Rb2+ 56. Kf1 Nxe3+ 57. fxe3 Kg4 58. Rg8 g5 59. hxg5 fxg5 60. Kg1 Re2 61. Kf1 Rxe3 62. Kf2 Rf3+ 63. Ke2 Rxg3 64. Re8 Rf3 65. Rxe4+ Rf4 66. Re3 h4 67. Ra3 h3 68. Ra1 Kh4 69. Ke3 Rf8 70. Ra7 g4 71. Rc7 h2 72. Rh7+ Kg3 73. Ke2 Kg2 74. Ke3 g3 75. Rh5 h1=Q 76. Rxh1 Kxh1 77. Ke4 g2 0-1


[Site "https://www.chess.com"]

[Event "Titled Tuesday Blitz September 27 Early 2022"]
[White "Gilmanov, Mansur"]
[Black "Balkum, Alexander"]
[WhiteFideId "4166868"]
[BlackFideId "2005069"]
[WhiteElo "2377"]
[BlackElo "2357"]
[Result "0-1"]
[Round "05"]
[TimeControl "180+1"]
[Date "2022.09.27"]
[WhiteClock "0:00:01"]
[BlackClock "0:00:05"]

1. d4 Nf6 2. Bg5 c5 3. Bxf6 exf6 4. d5 f5 5. Nc3 g6 6. e3 d6 7. Bb5+ Bd7 8. Nge2 Bg7 9. O-O O-O 10. a4 Na6 11. Bxa6 bxa6 12. Qd3 Qb6 13. b3 Rfc8 14. Rad1 a5 15. e4 Qb4 16. Qg3 Be5 17. f4 Bg7 18. e5 c4 19. Rd4 Qc5 20. bxc4 dxe5 21. fxe5 Re8 22. Qf2 Bxe5 23. Rd3 Qb4 24. Nb5 Qxc4 25. Kh1 Qxc2 26. Rfd1 a6 27. Nbd4 Bxd4 28. Qxd4 Qxe2 29. R3d2 Qe4 30. Qc5 Rac8 31. Qa7 Bxa4 32. Rg1 Bb5 33. d6 Rcd8 34. Qb6 Qc6 35. Qxa5 Rxd6 36. Rf2 Rde6 37. h3 Re2 38. Rf4 R8e4 39. Rf3 Rc4 40. Qa3 Rcc2 0-1


[Site "https://www.chess.com"]

[Event "Titled Tuesday Blitz September 27 Early 2022"]
[White "Gorshtein, Ido"]
[Black "Cnejev, Vladimir-Alexandru"]
[WhiteFideId "2815532"]
[BlackFideId "1260898"]
[WhiteElo "2411"]
[BlackElo "1983"]
[Result "1-0"]
[Round "05"]
[TimeControl "180+1"]
[Date "2022.09.27"]
[WhiteClock "0:00:15"]
[BlackClock "0:00:10"]

1. Nf3 d5 2. g3 Nf6 3. Bg2 e6 4. O-O Be7 5. d3 O-O 6. Nbd2 c5 7. e4 Nc6 8. Re1 b5 9. e5 Nd7 10. Nf1 Qc7 11. Bf4 Bb7 12. h4 Rfc8 13. h5 h6 14. N1h2 Qd8 15. Ng4 Bf8 16. Qd2 a5 17. Bxh6 gxh6 18. Nxh6+ Bxh6 19. Qxh6 Qf8 20. Qf4 Nd4 21. Ng5 Nxc2 22. h6 Nxa1 23. Rxa1 Re8 24. h7+ Kg7 25. h8=Q+ Qxh8 26. Qxf7+ Kh6 27. Qxd7 Kxg5 28. Qxb7 Kg6 29. f4 Qg7 30. Qxb5 Rab8 31. Qc6 Qb7 32. Bxd5 Qxc6 33. Bxc6 Red8 34. Be4+ Kh5 35. b3 a4 36. Kg2 Kh6 37. Rh1+ Kg7 38. Rh7+ Kg8 39. bxa4 Rb2+ 40. Kf3 Rxa2 41. Re7 Rxa4 42. Rxe6 c4 43. dxc4 Rxc4 44. Bf5 Kf7 45. Rf6+ Ke7 46. Kg4 Rg8+ 47. Bg6 Rc3 48. Kh4 Rh8+ 49. Kg5 Rxg3+ 50. Kf5 Rf8 51. Rxf8 Kxf8 52. Kf6 Rf3 53. f5 Ra3 54. e6 Ra6 55. Bh5 Rb6 56. Bf3 Ra6 57. Bd5 Rb6 58. Ke5 Rb1 59. f6 Rb6 60. Bc4 Rc6 61. e7+ Ke8 62. Bb5 Kf7 63. Bxc6 1-0


[Site "https://www.chess.com"]

[Event "Titled Tuesday Blitz September 27 Early 2022"]
[White "Grandelius, Nils"]
[Black "Goltsev, Dmitry"]
[WhiteFideId "1710400"]
[BlackFideId "24176710"]
[WhiteElo "2617"]
[BlackElo "2257"]
[Result "1/2-1/2"]
[Round "05"]
[TimeControl "180+1"]
[Date "2022.09.27"]
[WhiteClock "0:00:10"]
[BlackClock "0:00:16"]

1. Nf3 d5 2. e3 c6 3. c4 Nf6 4. Nc3 Bg4 5. cxd5 Nxd5 6. Qb3 Qb6 7. Nxd5 Qxb3 8. axb3 cxd5 9. Nd4 Bd7 10. Nb5 Bxb5 11. Bxb5+ Nc6 12. d4 e6 13. Bd2 Kd7 14. Ke2 Bd6 15. Rhc1 a6 16. Bd3 Nb4 17. Bb1 Rhc8 18. Rc3 Nc6 19. h4 Bb4 20. Rxc6 Rxc6 21. Bxb4 Rc1 22. Bd2 Rh1 23. Be1 Rxh4 24. Bd3 Rc8 25. b4 Rh1 26. b5 axb5 27. Bxb5+ Rc6 28. Bxc6+ Kxc6 29. Ra8 g6 30. Rf8 f5 31. Bb4 g5 32. Rd8 h5 33. Rd6+ Kb5 34. Be1 h4 35. Rxe6 Rh2 36. Re5 Rxg2 37. Rxd5+ Kc4 38. Rc5+ Kb3 39. Rb5+ Kc2 40. Rxb7 h3 41. Rh7 g4 42. Kf1 Kd3 43. Ra7 Rh2 44. Ra3+ Ke4 45. Ke2 f4 46. exf4 Kxd4 47. Ra8 g3 48. Rg8 g2 49. Bc3+ Ke4 50. f3+ Kxf4 51. Rg4+ Kf5 52. Kd3 Rh1 53. Bd4 Rd1+ 54. Kc4 Rxd4+ 55. Kxd4 h2 56. Rxg2 h1=Q 57. Rd2 Kf4 58. Kc3 Qc1+ 59. Rc2 Qe3+ 60. Kb4 Qxf3 61. Rc3 Qb7+ 62. Ka3 Ke4 63. Ka2 Kd4 64. Kb1 Qe4+ 65. Ka2 Qe6+ 66. Ka1 Qa6+ 67. Kb1 Qf1+ 68. Ka2 Qd1 69. Ra3 Kc4 70. Rc3+ Kb4 71. Ra3 Qd5+ 72. Ka1 Qd1+ 73. Ka2 Qe1 74. Rc3 Qxc3 75. bxc3+ Kxc3 1/2-1/2


[Site "https://www.chess.com"]

[Event "Titled Tuesday Blitz September 27 Early 2022"]
[White "Guerrero Olmos, Sergio"]
[Black "Ciuffoletti, Paolo"]
[WhiteFideId "2257238"]
[BlackFideId "807630"]
[WhiteElo "2259"]
[BlackElo "2143"]
[Result "1-0"]
[Round "05"]
[TimeControl "180+1"]
[Date "2022.09.27"]
[WhiteClock "0:01:09"]
[BlackClock "0:00:01"]

1. d4 d5 2. Nf3 Nf6 3. Bf4 c5 4. e3 Nc6 5. c3 e6 6. Nbd2 Bd6 7. Bg3 O-O 8. Bb5 Bxg3 9. hxg3 Qc7 10. dxc5 Ne4 11. Nxe4 dxe4 12. Ng5 h6 13. Nxe4 Qe5 14. Qa4 Ne7 15. O-O-O f5 16. Nd6 Qxc5 17. Qc4 Qe5 18. Qd4 Qxd4 19. exd4 Nd5 20. Rde1 Rd8 21. Nxc8 Raxc8 22. Rxe6 a6 23. Bd3 Nb4 24. Kd2 Nc6 25. Bxf5 Rf8 26. g4 Rcd8 27. f3 Rd5 28. Rhe1 Nd8 29. R6e5 1-0


[Site "https://www.chess.com"]

[Event "Titled Tuesday Blitz September 27 Early 2022"]
[White "Haitin, Ilja"]
[Black "Badelka, Olga"]
[WhiteFideId "4501764"]
[BlackFideId "13509926"]
[WhiteElo "2243"]
[BlackElo "2165"]
[Result "0-1"]
[Round "05"]
[TimeControl "180+1"]
[Date "2022.09.27"]
[WhiteClock "0:00:01"]
[BlackClock "0:00:03"]

1. e4 e5 2. Nf3 Nc6 3. Nc3 Nf6 4. Bb5 Bd6 5. O-O O-O 6. Re1 a6 7. Bf1 Re8 8. d3 Bc5 9. h3 d6 10. g3 h6 11. Bg2 Nd4 12. Nxd4 Bxd4 13. Ne2 Bb6 14. Rf1 Be6 15. Kh2 d5 16. Nc3 dxe4 17. Nxe4 Nxe4 18. Bxe4 Bd5 19. Qf3 c6 20. Be3 Bxe3 21. fxe3 Qd7 22. Rf2 Be6 23. g4 Bd5 24. Raf1 Bxe4 25. Qxe4 Re7 26. Rf5 Rae8 27. h4 Qd5 28. Qxd5 cxd5 29. R5f2 Rc8 30. Re1 Rec7 31. Ree2 Rc6 32. Kg3 Rb6 33. b3 a5 34. a4 Rbc6 35. Kh3 Kf8 36. Kg3 Ke7 37. Kh3 Ke6 38. Kg3 Rc3 39. Kg2 f6 40. Kh2 R3c6 41. Kg3 g6 42. Kh3 f5 43. gxf5+ gxf5 44. Rg2 Kf7 45. h5 Rg8 46. Rxg8 Kxg8 47. Rg2+ Kf7 48. Kh4 Rf6 49. Rf2 Ke6 50. Rf1 d4 51. exd4 exd4 52. Kg3 Kd5 53. Kf4 Rc6 54. Rf2 Rc8 55. Re2 Kd6 56. Kxf5 Rg8 57. Kf4 Rg5 58. Rh2 Kd5 59. Rh3 b6 60. Rh2 Re5 61. Rg2 Re1 62. Rg6 Rc1 63. Rxb6 Rxc2 0-1


[Site "https://www.chess.com"]

[Event "Titled Tuesday Blitz September 27 Early 2022"]
[White "Halkias, Stelios"]
[Black "Bartel, Michal"]
[WhiteFideId "4201809"]
[BlackFideId "1119257"]
[WhiteElo "2453"]
[BlackElo "2274"]
[Result "0-1"]
[Round "05"]
[TimeControl "180+1"]
[Date "2022.09.27"]
[WhiteClock "0:00:16"]
[BlackClock "0:01:19"]

1. d4 Nf6 2. c4 c5 3. d5 e6 4. Nc3 exd5 5. cxd5 d6 6. e4 g6 7. Nf3 Bg7 8. h3 O-O 9. Bd3 Re8 10. O-O c4 11. Bxc4 Nxe4 12. Nxe4 Rxe4 13. Bg5 Qb6 14. Bd3 Re8 15. Re1 Bd7 16. Be3 Qa5 17. Bd2 Qxd5 18. Rxe8+ Bxe8 19. Qe2 Nc6 20. Bc4 Qf5 21. g4 Qd7 22. Re1 d5 23. Bb3 Bxb2 24. Bh6 Bf6 25. Qd2 d4 26. Qf4 Bg7 27. Bxg7 Kxg7 28. Ng5 Rd8 29. h4 d3 30. Ne4 Nd4 31. Qe5+ Kf8 32. Qh8+ Ke7 33. Nc5+ Ne2+ 34. Rxe2+ dxe2 35. Qe5+ Qe6 36. Nxe6 Rd1+ 37. Kg2 e1=Q 38. Qg5+ f6 39. Qc5+ Rd6 40. Bd5 Bc6 41. Nf4 Qe5 0-1


[Site "https://www.chess.com"]

[Event "Titled Tuesday Blitz September 27 Early 2022"]
[White "Harsha Bharathakoti"]
[Black "Wojtaszek, Radoslaw"]
[WhiteFideId "5078776"]
[BlackFideId "1118358"]
[WhiteElo "2523"]
[BlackElo "2606"]
[Result "0-1"]
[Round "05"]
[TimeControl "180+1"]
[Date "2022.09.27"]
[WhiteClock "0:00:01"]
[BlackClock "0:00:01"]

1. Nf3 c5 2. c4 Nf6 3. d4 cxd4 4. Nxd4 b6 5. Nc3 Bb7 6. f3 e6 7. e4 d6 8. Be3 Be7 9. Be2 a6 10. O-O Nbd7 11. a4 O-O 12. a5 bxa5 13. Nb3 Rb8 14. Nxa5 Ba8 15. Qd2 Qc7 16. Rfc1 Ne5 17. b4 Rfc8 18. Na4 h6 19. c5 dxc5 20. Nxc5 Rd8 21. Qe1 Qb6 22. Rab1 Nfd7 23. Bf1 Nxc5 24. bxc5 Qc7 25. Rxb8 Rxb8 26. Bxa6 Bd8 27. Ra1 Rb2 28. Be2 Be7 29. Rc1 Rxe2 30. Qxe2 Qxa5 31. Bd4 Nc6 32. Be3 Qc7 0-1


[Site "https://www.chess.com"]

[Event "Titled Tuesday Blitz September 27 Early 2022"]
[White "Harshad S"]
[Black "Bluebaum, Matthias"]
[WhiteFideId "46616551"]
[BlackFideId "24651516"]
[WhiteElo "2046"]
[BlackElo "2633"]
[Result "0-1"]
[Round "05"]
[TimeControl "180+1"]
[Date "2022.09.27"]
[WhiteClock "0:00:03"]
[BlackClock "0:01:19"]

1. e4 e6 2. d4 d5 3. Nc3 Nf6 4. e5 Nfd7 5. Nce2 c5 6. c3 Nc6 7. Nf3 Be7 8. Nf4 cxd4 9. cxd4 Bb4+ 10. Bd2 Qb6 11. Bxb4 Qxb4+ 12. Qd2 Qxd2+ 13. Kxd2 g5 14. Ne2 h6 15. h4 g4 16. Ne1 f6 17. exf6 Nxf6 18. f3 Bd7 19. Nd3 Ke7 20. Ne5 Rhg8 21. Nxc6+ Bxc6 22. Re1 Nh5 23. f4 g3 24. f5 Raf8 25. fxe6 Rf2 26. Kc1 Rg6 27. Nc3 Rxe6 28. Be2 Nf4 29. Kd2 Nxg2 30. Ref1 Nf4 31. Rxf2 gxf2 32. Rf1 Nxe2 33. Nxe2 Rxe2+ 34. Kxe2 Bb5+ 35. Kxf2 Bxf1 36. Kxf1 Kf6 37. Ke2 Kf5 38. Kf3 h5 39. a3 a6 40. b3 b6 41. b4 b5 0-1


[Site "https://www.chess.com"]

[Event "Titled Tuesday Blitz September 27 Early 2022"]
[White "Huber, Benedikt"]
[Black "Maksimenko, Viktor"]
[WhiteFideId "12923583"]
[BlackFideId "13710478"]
[WhiteElo "1979"]
[BlackElo "2269"]
[Result "0-1"]
[Round "05"]
[TimeControl "180+1"]
[Date "2022.09.27"]
[WhiteClock "0:01:50"]
[BlackClock "0:01:39"]

1. d4 Nf6 2. Nc3 d5 3. Bf4 c5 4. e4 cxd4 5. Qxd4 Nc6 6. Bb5 Bd7 7. Bxc6 Bxc6 8. e5 Ne4 9. e6 fxe6 10. Nf3 Qb6 11. Nxe4 dxe4 12. Qe5 exf3 13. Qh5+ g6 14. Qe5 fxg2 15. Rg1 Rg8 16. Qxe6 Qb4+ 17. Kd1 0-1


[Site "https://www.chess.com"]

[Event "Titled Tuesday Blitz September 27 Early 2022"]
[White "Ibrahimli, Murad"]
[Black "Danielyan, Vahe"]
[WhiteFideId "13410229"]
[BlackFideId "13304828"]
[WhiteElo "2109"]
[BlackElo "2421"]
[Result "1-0"]
[Round "05"]
[TimeControl "180+1"]
[Date "2022.09.27"]
[WhiteClock "0:02:14"]
[BlackClock "0:00:02"]

1. Nf3 d6 2. d4 Nf6 3. g3 g6 4. Bg2 Bg7 5. O-O O-O 6. c4 c6 7. Nc3 Qa5 8. h3 Qh5 9. Ng5 h6 10. Bf3 Qxg5 11. Bxg5 hxg5 12. Kg2 Nbd7 13. e3 Re8 14. Rh1 e5 15. h4 gxh4 16. Rxh4 exd4 17. exd4 Nf8 18. Qd2 Ne6 19. Rah1 Bd7 20. d5 Nc5 21. dxc6 Bxc6 22. Bxc6 bxc6 23. Qxd6 Ne6 24. Qxc6 Rac8 25. Qf3 Ng5 26. Qf4 Ne6 27. Rh8+ Bxh8 28. Rxh8+ Kxh8 29. Qxf6+ Kg8 30. b3 Rc7 31. Nd5 Rd7 32. Qe5 Rf8 33. Nf6+ 1-0


[Site "https://www.chess.com"]

[Event "Titled Tuesday Blitz September 27 Early 2022"]
[White "Ismayil, Malak"]
[Black "Johnson, Ben"]
[WhiteFideId "13412604"]
[BlackFideId "2010917"]
[WhiteElo "1879"]
[BlackElo "2208"]
[Result "1-0"]
[Round "05"]
[TimeControl "180+1"]
[Date "2022.09.27"]
[WhiteClock "0:01:12"]
[BlackClock "0:00:30"]

1. e4 c5 2. Nf3 Nc6 3. Bb5 g6 4. Bxc6 bxc6 5. h3 Bg7 6. d3 Qc7 7. Nc3 Nf6 8. Be3 d6 9. Qd2 Rb8 10. b3 O-O 11. O-O Rd8 12. Rad1 a5 13. Na4 Ba6 14. Rfe1 Nd7 15. c4 Rb4 16. Qe2 Nb6 17. Bd2 Nxa4 18. Bxb4 axb4 19. bxa4 Ra8 20. e5 d5 21. e6 f6 22. Rc1 Bc8 23. cxd5 cxd5 24. Qc2 Ra5 25. Nd4 Qf4 26. Nc6 Kf8 27. Nxa5 1-0


[Site "https://www.chess.com"]

[Event "Titled Tuesday Blitz September 27 Early 2022"]
[White "Itkis, Boris"]
[Black "Sellitti, Federico"]
[WhiteFideId "1209167"]
[BlackFideId "821829"]
[WhiteElo "2207"]
[BlackElo "2521"]
[Result "1-0"]
[Round "05"]
[TimeControl "180+1"]
[Date "2022.09.27"]
[WhiteClock "0:00:13"]
[BlackClock "0:00:08"]

1. c4 c5 2. Nf3 Nc6 3. g3 g6 4. Bg2 Bg7 5. O-O Nf6 6. Nc3 O-O 7. d4 cxd4 8. Nxd4 d6 9. Be3 Nxd4 10. Bxd4 Qc7 11. Rc1 Be6 12. Nd5 Bxd5 13. cxd5 Qa5 14. Qb3 b5 15. Rc2 Rac8 16. Rfc1 Rxc2 17. Rxc2 Qe1+ 18. Bf1 Ne4 19. Qe3 f5 20. Bxg7 Kxg7 21. f3 Nf6 22. Qxe7+ Rf7 23. Qxd6 Qd1 24. Rc7 Qd4+ 25. Kg2 Nxd5 26. Rxf7+ Kxf7 27. Qd7+ Kf6 28. Qd6+ Kf7 29. Qd7+ Kf6 30. Qd6+ Kg7 31. Kh3 g5 32. Qd7+ Kg6 33. Qe8+ Kg7 34. Qd7+ Kh6 35. Qxf5 Ne3 36. Qf8+ Qg7 37. Qxg7+ Kxg7 38. g4 Nxf1 39. Kg2 Ne3+ 40. Kf2 Nc4 41. b3 Nd6 42. Ke3 Kf6 43. Kd4 Ke6 44. e3 h6 45. f4 gxf4 46. exf4 a6 47. h4 h5 48. gxh5 Kf5 49. Kc5 Nc8 50. Kc6 Kxf4 51. h6 Ne7+ 52. Kb6 b4 53. h7 Ng6 54. Kxa6 Ke4 55. Kb5 Kd5 56. Kxb4 Kc6 57. Kc4 Ne5+ 58. Kd4 Nf7 59. b4 Kb5 60. a3 Ka4 61. Ke4 Kxa3 62. Kf5 Kxb4 63. Kf6 Nd6 64. h8=Q Kc5 65. Qf8 Kc6 66. Qxd6+ Kxd6 67. h5 1-0


[Site "https://www.chess.com"]

[Event "Titled Tuesday Blitz September 27 Early 2022"]
[White "Jakubowski, Krzysztof"]
[Black "Kislov, Oleg"]
[WhiteFideId "1112848"]
[BlackFideId "13503774"]
[WhiteElo "2306"]
[BlackElo "2185"]
[Result "0-1"]
[Round "05"]
[TimeControl "180+1"]
[Date "2022.09.27"]
[WhiteClock "0:00:54"]
[BlackClock "0:00:08"]

1. e4 c5 2. Nf3 Nc6 3. d4 cxd4 4. Nxd4 e5 5. Nb5 d6 6. N1c3 a6 7. Na3 b5 8. Nd5 Nge7 9. c4 Nd4 10. Be3 Nxd5 11. cxd5 Be7 12. Bxd4 exd4 13. Bd3 O-O 14. O-O Bd7 15. Nc2 Bf6 16. Nb4 Qb6 17. Rc1 Rac8 18. Qb3 Rc5 19. Bb1 Rfc8 20. Rcd1 a5 21. Nd3 Rc4 22. a3 g6 23. Rde1 Bg7 24. f4 Re8 25. Qd1 Qb7 26. Qf3 b4 27. axb4 axb4 28. f5 Bb5 29. Qg3 Rcc8 30. Qxd6 Bxd3 31. Bxd3 Be5 32. Qa6 Qxa6 33. Bxa6 Rc2 34. b3 Ra8 35. Bc4 Raa2 36. Rf3 Rxg2+ 37. Kf1 Rxh2 38. Re2 Ra1+ 39. Re1 Rh1+ 40. Kf2 Rhxe1 41. fxg6 hxg6 42. d6 Bxd6 43. Bxf7+ Kg7 44. Bc4 Rec1 45. Rf7+ Kh6 46. Rd7 Bf4 47. Kf3 Be3 48. e5 Rxc4 49. bxc4 b3 50. e6 b2 51. e7 b1=Q 52. e8=Q Qf5+ 53. Ke2 Ra2+ 54. Kd1 Qb1# 0-1


[Site "https://www.chess.com"]